 Seeded DCSS version 0.29-a0-344-ge2f44be95a (webtiles) character file.

Game seed: 1450950038153131384 (custom seed)

115 zeratav the Firebug (level 5, 31/31 HPs)
             Began as an Octopode Fire Elementalist on Apr 21, 2022.
             Was a Plaything of Xom.
             Quit the game on level 2 of the Dungeon.
             The game lasted 00:03:03 (2637 turns).

zeratav the Firebug (Octopode Fire Elementalist)    Turns: 2637, Time: 00:03:03

Health: 31/31      AC:  1    Str:  7    XL:     5   Next: 0%
Magic:  8/8        EV: 13    Int: 20    God:    Xom [..*...]
Gold:   70         SH:  0    Dex: 18    Spells: 5/8 levels left

rFire   . . .      SeeInvis .   m - +1 dagger (venom) {short}
rCold   . . .      Faith    .   (no shield)
rNeg    . . .      Spirit   .   (helmet restricted)
rPois   .          Reflect  .   (no amulet)
rElec   .          Harm     .   k - +6 ring of dexterity
rCorr   .          Rampage  .   (no ring)
Will    .....                   (no ring)
Stlth   +++.......              (no ring)
HPRegen 0.10/turn               (no ring)
MPRegen 0.11/turn               (no ring)
                                (no ring)
                                (no ring)

@: no status effects
A: almost no armour, amphibious, 8 rings, camouflage 1, gelatinous body 1,
(nimble swimmer 1), tentacles
a: Renounce Religion


You were on level 2 of the Dungeon.
You worshipped Xom.
You were a toy of Xom.
You visited 1 branch of the dungeon, and saw 2 of its levels.

You collected 70 gold pieces.


Innate Abilities, Weirdness & Mutations

You cannot wear most types of armour.
You are amphibious.
You can wear up to eight rings at the same time.
Your skin changes colour to match your surroundings (Stealth+).
Your rubbery body absorbs attacks. (AC +1, EV +1)
((You are camouflaged when in or above water. (Stealth+)))
You have tentacles for arms and can constrict up to eight enemies at once.


   Skills:
 - Level 2.0 Dodging
 - Level 2.6 Stealth
 - Level 2.0 Spellcasting
 - Level 1.0 Conjurations
 + Level 5.5 Fire Magic


You had 5 spell levels left.
You knew the following spells:

 Your Spells              Type           Power      Damage    Failure   Level
a - Foxfire               Conj/Fire      60%        2x1d7     4%          1
b - Scorch                Fire           48%        2d7       2%          2

Your spell library contained the following spells:

 Spells                   Type           Power      Damage    Failure   Level
 Conjure Flame            Conj/Fire      15%        6-21      12%         3
 Inner Flame              Hex/Fire       13%        N/A       16%         3
 Flame Wave               Conj/Fire      15%        2d6       38%         4
 Portal Projectile        Hex/Tloc       4%         N/A       43%         3
 Fireball                 Conj/Fire      7%         3d5       75%         5
 Blade Hands              Tmut           1%         N/A       99%         5
 Excruciating Wounds      Necr           1%         N/A       99%         5
 Starburst                Conj/Fire      7%         6d4       99%         6
 Ignition                 Fire           12%        3d6       100%        8

Inventory:

Hand Weapons
 m - a +1 dagger of venom (weapon) {short}
   (You took it off a kobold on level 2 of the Dungeon)
Jewellery
 k - a +6 ring of dexterity (left tentacle)
   (You found it on level 1 of the Dungeon)
Scrolls
 b - a scroll of amnesia {unknown}
 c - a scroll of teleportation {unknown}
 f - 3 scrolls of enchant armour {unknown}
 g - 2 scrolls of identify {unknown}
Potions
 a - a potion of magic
 d - 2 potions of berserk rage {unknown}
 e - a potion of haste {unknown}
 h - a potion of degeneration {unknown}
 i - a potion of flight {unknown}
 j - a potion of invisibility {unknown}
 l - a potion of attraction {unknown}
 n - a potion of might {unknown}
 o - 2 potions of cancellation {unknown}

Dungeon Overview and Level Annotations

Branches:
Dungeon (2/15)

Altars:
Xom

#......#.....(.......
#......#.............
##..≈≈≈≈##.........###
#≈≈≈≈≈≈≈≈.######...###
≈≈≈≈≈≈≈≈≈### #...#.. #
≈≈≈≈≈≈≈≈≈.# #†..#.. #≈≈
≈#####≈≈#.# #...#..
#≈≈≈≈#...####.########..
#≈≈≈≈#.@.'.##....# ...
#≈≈≈≈#...#......##.. ...
#≈≈≈ #####≈...###....#..
## ≈≈≈≈≈≈≈..##♣....#..
≈≈≈≈≈≈≈≈≈..#♣.......
#≈≈≈≈≈≈≈≈....#♣....#..
###≈≈≈≈≈####.##....#..
######......##......
#...[...####...


There were no monsters in sight!


Message History

You kill the bat!
MP[+1]
You start resting.
HP[+4] MP[+5]
You regained 4 hp, and now have 22/27 hp.
Your mp is fully restored (7).
You start resting.
HP[+5]
Your hp is fully restored (27).
You now have 65 gold pieces (gained 12).
An adder comes into view.
An adder is nearby!
You can't see any susceptible monsters within range! (Use Z to cast anyway.) Flames lash the adder.
You kill the adder!
You hear a shout!
You hear an angry hiss.
MP[-2]
You lost 2 mp, and now have 5/7 mp.
A bat comes into view.
A kobold comes into view. It is wielding a +0 short sword.
Flames lash the bat.
You kill the bat!
You hear an angry hiss.
A ball python comes into view.
MP[-2]
You lost 2 mp, and now have 3/7 mp.
Flames lash the kobold.
You kill the kobold!
MP[-2]
You lost 2 mp, and now have 1/7 mp.
You don't have enough magic to cast this spell.
You hit the ball python.
The ball python is poisoned.
Your grab misses the ball python.
A ball python comes into view.
The ball python closely misses you. The ball python grabs you.
The ball python constricts you.
HP[-1]
You take 1 damage, and now have 26/27 hp.
The ball python hisses angrily.
You hit the ball python but do no damage.
The ball python looks even sicker.
Your grab misses the ball python. The ball python bites you.
The ball python constricts you.
HP[-1]
You take 1 damage, and now have 25/27 hp.
You hit the ball python but do no damage.
The ball python looks as sick as possible!
You grab the ball python. You squeeze the ball python.
You kill the ball python!
MP[+1]
The ball python barely misses you. The ball python grabs you.
The ball python constricts you.
HP[-1]
You take 1 damage, and now have 24/27 hp.
You hit the ball python. You grab the ball python. You squeeze the ball python.
You kill the ball python!
No target in view!
Things that are here:
a +0 short sword {short}; a kobold corpse HP[+3] MP[+5]
Your hp is fully restored (27).
Your mp is fully restored (7).
o - 2 inky potions You open the door.
Found a faded altar of an unknown god.
There is an open door here.
There is an open door here.
Found a stone staircase leading down.
No target in view!
A bat comes into view.
Found an escape hatch in the ceiling.
A bat is nearby!
A bat is nearby!
Flames lash the bat.
You kill the bat!
MP[-2]
You lost 2 mp, and now have 5/7 mp.
No target in view!
You now have 70 gold pieces (gained 5).
A goblin comes into view. It is wielding a +0 club.
MP[+2]
Your mp is fully restored (7).
A goblin is nearby!
A goblin is nearby!
Flames lash the goblin.
You kill the goblin!
You have reached level 5!
You feel clever.
HP[+4] MP[-2]
You now have 31 max hp (+4).
Your hp is fully restored (31).
You lost 2 mp, and now have 5/8 mp.
There is an open door here.
There is a faded altar of an unknown god here.
MP[+2]
You regained 2 mp, and now have 7/8 mp.
You cannot tell which god this altar belongs to.
Convert to them anyway?
Xom accepts your prayer! Xom welcomes you!
Xom is very interested.
MP[+1]
Your mp is fully restored (8).
Are you sure you want to abandon this character and quit the game? (Confirm with "yes".)

Skill      XL: |  1  2  3  4 |
---------------+-------------+-----
Fire Magic     | 4 5 |  5.5
Dodging        | |  2.0
Stealth        | |  2.6
Spellcasting   | |  2.0
Conjurations   | |  1.0

Action                   |  1- 3 |  4- 6 || total
-------------------------+-------+-------++-------
Melee: Unarmed           |    15 |       ||    15
       Tentacles         |     9 |     3 ||    12
       Constrict         |     9 |     9 ||    18
       Great sword       |    14 |       ||    14
       Dagger            |     7 |    19 ||    26
 Cast: Foxfire           |     3 |       ||     3
       Scorch            |    20 |    11 ||    31
 Stab: Sleeping          |     1 |     3 ||     4
Armor: Skin              |     3 |     6 ||     9
Dodge: Dodged            |    36 |    26 ||    62

Levels and vault maps discovered:
D:1:      minmay_arrival_three_doors, layout_loops_corners
D:2:      cheibrodos_helix_gallery, layout_basic,
          nicolae_ecumenical_lake_church, kennysheep_nub

Notes
Turn   | Place    | Note
-------+----------+-------------------------------------------
     0 | D:1      | zeratav the Octopode Fire Elementalist began the quest for
                  | the Orb.
     0 | D:1      | Reached XP level 1. HP: 11/11 MP: 3/3
     0 | D:1      | magus.rc [v1.9.6]
   164 | D:1      | HP: 1/11 [hobgoblin (3)]
   478 | D:1      | Reached XP level 2. HP: 17/17 MP: 1/5
   532 | D:1      | Learned a level 2 spell: Scorch
   768 | D:1      | You pick up a book of Fire and begin reading...
   768 | D:1      | You add the spells Fireball, Starburst and Ignition to your
                  | library.
   989 | D:1      | HP: 1/17 [goblin/+0 club (4)]
  1336 | D:1      | Reached skill level 4 in Fire Magic
  1463 | D:1      | Reached XP level 3. HP: 16/21 MP: 1/6
  1827 | D:1      | You pick up a book of Weapons and begin reading...
  1827 | D:1      | You add the spells Portal Projectile, Excruciating Wounds
                  | and Blade Hands to your library.
  2037 | D:2      | Reached XP level 4. HP: 23/27 MP: 2/7
  2265 | D:2      | Reached skill level 5 in Fire Magic
  2544 | D:2      | Found a faded altar of an unknown god.
  2610 | D:2      | Reached XP level 5. HP: 31/31 MP: 5/8
  2636 | D:2      | Prayed at the altar of an unknown god.
  2636 | D:2      | Became a worshipper of Xom of Chaos
  2637 | D:2      | Quit the game

Vanquished Creatures
  7 adders (D:2)
  A dart slug (D:1)
  7 bats
  4 endoplasms
  2 giant cockroaches (D:1)
  2 goblins
  3 hobgoblins (D:1)
  8 jackals
  6 kobolds
  5 ball pythons
  2 frilled lizards (D:1)
  2 rats (D:1)
49 creatures vanquished.

Vanquished Creatures (others)
  6 foxfires (D:1)
6 creatures vanquished.

Grand Total: 55 creatures vanquished

Table legend:
 A = Non-vault XP
 B = Vault XP
 C = Vault XP percentage of total XP
 D = Non-vault monster count
 E = Vault monster count
 F = Vault count percentage of total count
                 A         B        C        D         E       F
            +---------+---------+-------+---------+---------+-------
      Total |     150 |      15 |   9.1 |      47 |       2 |   4.1
            +---------+---------+-------+---------+---------+-------
        D:1 |      41 |       0 |   0.0 |      23 |       0 |   0.0
        D:2 |     109 |      15 |  12.1 |      24 |       2 |   7.7
            +---------+---------+-------+---------+---------+-------

Illustrated notes

Table legend:
 A = Kills in this place as a percentage of kills in entire the game.
 B = Kills by you in this place as a percentage of kills by you in the entire game.
 C = Kills by friends in this place as a percentage of kills by friends in the entire game.
 D = Other kills in this place as a percentage of other kills in the entire game.
 E = Experience gained in this place as a percentage of experience gained in the entire game.
 F = Experience gained in this place divided by the number of levels of this place that you have seen.
                   A       B       C       D       E      F
               +-------+-------+-------+-------+-------+----------------------
         Total | 100.0 | 100.0 |   N/A |   N/A | 100.0 |  82.5
       Dungeon | 100.0 | 100.0 |   N/A |   N/A | 100.0 |  82.5
               +-------+-------+-------+-------+-------+----------------------

Table legend: (Time is in decaauts)
 A = Elapsed time spent in this place.
 B = Non-inter-level travel time spent in this place.
 C = Inter-level travel time spent in this place.
 D = Time resting spent in this place.
 E = Time spent auto-exploring this place.
 F = Levels seen in this place.
 G = Mean time per level.
                   A        B        C        D        E       F      G
               +--------+--------+--------+--------+--------+-----+--------+
         Total |   2645 |   2613 |     32 |    845 |   1476 |   2 | 1322.5 |
       Dungeon |   2645 |   2613 |     32 |    845 |   1476 |   2 | 1322.5 |
               +--------+--------+--------+--------+--------+-----+--------+

Top non-repeatable levels by time:
     D:1: 1870 daAuts
     D:2: 774 daAuts
